 Dungeon Crawl Stone Soup version 0.16.1-4-g8e1b745 (console) character file.

70 gw the Ducker (level 4, 0/26 HPs)
             Began as a Deep Elf Artificer on Mar 27, 2015.
             Slain by Ijyb
             ... wielding a +0 club
              (4 damage)
             ... on level 2 of the Dungeon.
             The game lasted 00:02:43 (2864 turns).

gw the Ducker (Deep Elf Artificer)                  Turns: 2864, Time: 00:02:43

Health: 0/26       AC:  4    Str:  8    XL:     4   Next: 4%
Magic:  10/10      EV: 13    Int: 17    God:
Gold:   90         SH:  0    Dex: 16    Spells: 0 memorised, 3 levels left

rFire  . . .     SeeInvis .     a - +0 short sword
rCold  . . .     Clarity  .     e - +0 leather armour
rNeg   . . .     SustAb   .     (no shield)
rPois  .         Gourm    .     (no helmet)
rElec  .         Spirit   .     (no cloak)
rCorr  .         Warding  .     (no gloves)
rMut   .         Stasis   .     h - +0 pair of boots
MR     .....                    (no amulet)
Stlth  ++........               (no ring)
                                (no ring)

@: not resistant to hostile enchantments, unstealthy
A: no striking features
a: no special abilities


You were on level 2 of the Dungeon.
You were hungry.

You visited 1 branch of the dungeon, and saw 2 of its levels.

You collected 90 gold pieces.

Inventory:

Hand weapons
 a - a +0 short sword (weapon)
Missiles
 m - 31 arrows
Armour
 e - a +0 leather armour (worn)
 h - a +0 pair of boots (worn)
Magical devices
 b - a wand of flame (10)
 c - a wand of enslavement (11)
 d - a wand of random effects (10)
Scrolls
 i - 2 scrolls of magic mapping {unknown}
 j - a scroll of fog {unknown}
 n - a scroll of recharging {unknown}
 o - 2 scrolls of remove curse
 p - a scroll of blinking {unknown}
 q - a scroll of enchant armour {unknown}
Comestibles
 f - 3 bread rations
 g - 2 meat rations


   Skills:
 + Level 2.0 Fighting
 - Level 1.0 Short Blades
 + Level 4.3 Dodging
 - Level 1.2 Stealth
 - Level 3.2 Evocations


You had 3 spell levels left.
You didn't know any spells.

Dungeon Overview and Level Annotations

Branches:
Dungeon (2/15)

Altars:

Annotations:
D:2 Ijyb


Message History

Ijyb hits you but does no damage.
Unknown command.
Unknown command.
Unknown command.
Unknown command.
FLEEEEING!
ATTACKING (1,-1)
You hit Ijyb but do no damage.
Ijyb is moderately wounded.
Ijyb hits you but does no damage.
Unknown command.
Unknown command.
Unknown command.
Unknown command.
FLEEEEING!
ATTACKING (1,-1)
You hit Ijyb.
Ijyb is moderately wounded.
Ijyb hits you with a club.
You die...

#.......'.......
#.....#.#.......
#...###.##......
#.......###.....
##.###### ##...#
#.# ##'##
####.###### #.#
#.g.......## #.##
#e##.#.#.#.####...
#.##..##.##.##...#
#.##.....##.#.....
#........##.##...#
######.#.#.####.##
##...........
#########.## #...
####


You could see Ijyb.

Table legend:
 A = Turns spent in this place as a percentage of turns spent in the entire game.
 B = Non-inter-level travel turns spent in this place as a percentage of non-inter-level travel turns spent in the entire game.
 C = Inter-level travel turns spent in this place as a percentage of turns spent in this place.
 D = Turns resting spent in this place as a percentage of non-inter-level travel turns spent in this place.
 E = Turns spent auto-exploring this place as a percentage of non-inter-level travel turns spent in this place.
 F = Non-inter-level travel turns spent in this place divided by the number of levels of this place that you've seen.
                   A       B       C       D       E      F
               +-------+-------+-------+-------+-------+----------------------
         Total | 100.0 | 100.0 |   0.5 |   1.7 |   1.8 | 1851.5
       Dungeon | 100.0 | 100.0 |   0.5 |   1.7 |   1.8 | 1851.5
               +-------+-------+-------+-------+-------+----------------------

Table legend:
 A = Kills in this place as a percentage of kills in entire the game.
 B = Kills by you in this place as a percentage of kills by you in the entire game.
 C = Kills by friends in this place as a percentage of kills by friends in the entire game.
 D = Other kills in this place as a percentage of other kills in the entire game.
 E = Experience gained in this place as a percentage of experience gained in the entire game.
 F = Experience gained in this place divided by the number of levels of this place that you have seen.
                   A       B       C       D       E      F
               +-------+-------+-------+-------+-------+----------------------
         Total | 100.0 | 100.0 | 100.0 |  -nan | 100.0 |  50.5
       Dungeon | 100.0 | 100.0 | 100.0 |  -nan | 100.0 |  50.5
               +-------+-------+-------+-------+-------+----------------------

Vanquished Creatures
  2 adders (D:2)
  2 worms (D:2)
  A giant gecko (D:2)
  5 bats
  3 giant cockroaches
  8 goblins
  3 hobgoblins (D:1)
  2 jackals (D:1)
  A ball python (D:2)
  3 kobolds
  8 rats
38 creatures vanquished.

Vanquished Creatures (collateral kills)
  A bat (D:2)
1 creature vanquished.

Grand Total: 39 creatures vanquished

Notes
Turn   | Place    | Note
--------------------------------------------------------------
     0 | D:1      | gw, the Deep Elf Artificer, began the quest for the Orb.
     0 | D:1      | Reached XP level 1. HP: 11/11 MP: 2/2
   128 | D:1      | Reached skill level 1 in Fighting
   439 | D:1      | Reached XP level 2. HP: 16/16 MP: 5/5
  1635 | D:2      | Reached XP level 3. HP: 7/20 MP: 7/7
  2306 | D:2      | Reached skill level 4 in Dodging
  2611 | D:2      | Noticed Ijyb
  2622 | D:2      | Reached XP level 4. HP: 24/26 MP: 10/10
  2864 | D:2      | Slain by Ijyb

Action                   |  1- 3 |  4- 6 || total
-------------------------+-------+-------++-------
Melee: Short sword       |   142 |    46 ||   188
Evoke: Wand              |     9 |     5 ||    14
  Use: Scroll            |     5 |       ||     5
       Potion            |     2 |       ||     2
 Stab: Sleeping          |     3 |       ||     3
  Eat: Chunk             |     5 |     1 ||     6

Vault maps used:
D:1:      dpeg_arrival_oval, minmay_cupped
D:2:      gammafunk_temple_overflow_elements, uniq_iyjb, uniq_sigmund
